 Dungeon Crawl Stone Soup version 0.20-a0-1078-g4874019 (webtiles) character file.

147512 FastMan the Warrior (level 16, -11/240 HPs)
             Began as a Minotaur Berserker on May 1, 2017.
             Was a High Priest of Trog.
             Killed from afar by Nikola (14 damage)
             ... with a chain lightning
             ... on level 2 of the Shoals.
             The game lasted 00:18:36 (17751 turns).

FastMan the Warrior (Minotaur Berserker)           Turns: 17751, Time: 00:18:37

Health: -11/240    AC: 22    Str: 28    XL:     16   Next: 62%
Magic:  15/15      EV:  2    Int:  4    God:    Trog [*****.]
Gold:   357        SH:  0    Dex: 16    Spells: 15/15 levels left

rFire    + . .     SeeInvis .   a - +9 broad axe (vamp)
rCold    . . .     Gourm    .   j - +2 large shield
rNeg     + + +     Faith    .   i - +3 fire dragon scales
rPois    ∞         Spirit   .   E - +2 hat
rElec    .         Reflect  .   (no cloak)
rCorr    .         Harm     .   A - +0 pair of gloves (curse)
MR       +++..                  z - +1 pair of boots {run}
Stlth    ..........             f - amulet of regeneration
Regen    1.9/turn               x - ring of ice
MPRegen  0.2/turn               k - +4 ring of evasion

@: berserking, petrified, starving, regenerating, quick
A: retaliatory headbutt, horns 2
}: 1/15 runes: serpentine
a: Berserk, Trog's Hand, Brothers in Arms, Burn Spellbooks, Renounce Religion


You were on level 2 of the Shoals.
You worshipped Trog.
Trog was extremely pleased with you.
You were starving.

You visited 4 branches of the dungeon, and saw 20 of its levels.

You collected 1361 gold pieces.
You spent 1004 gold pieces at shops.

Inventory:

Hand Weapons
 a - a +9 vampiric broad axe (weapon)
Armour
 i - +3 fire dragon scales (worn)
 j - a +2 large shield (worn)
 z - a +1 pair of boots of running (worn)
 A - a cursed +0 pair of gloves (worn)
 E - a +2 hat (worn)
Jewellery
 f - an amulet of regeneration (around neck)
 k - a +4 ring of evasion (right hand)
 x - a ring of ice (left hand)
 C - a +4 ring of protection
 G - an uncursed ring of protection from fire
Scrolls
 l - 10 scrolls of remove curse {@r2}
 r - 3 scrolls of magic mapping
 u - 5 scrolls of teleportation {@r3}
 B - 2 scrolls of blinking {@r4}
 D - a scroll of silence
 H - 3 scrolls of fog
Potions
 b - 2 potions of lignification
 e - 2 potions of agility {@q5}
 g - a potion of heal wounds {@q2}
 n - 2 potions of invisibility
 p - 6 potions of haste {@q3}
 q - 3 potions of might {@q4}
 s - a potion of magic
 t - 3 potions of flight
 v - a potion of cancellation
 w - 2 potions of curing {@q1}
 F - a potion of brilliance {@q6}
 I - a potion of berserk rage
 K - a potion of mutation {unknown}
 L - a potion of resistance {unknown}
Comestibles
 c - 5 bread rations {@e1}
 d - 2 meat rations {@e2}
 h - 16 royal jellies {@e3}
 m - 19 chunks of flesh
 o - 10 fruits {@e4}


   Skills:
 + Level 19.2 Fighting
 - Level 19.0 Axes
 + Level 14.7 Armour
 + Level 8.5 Dodging
 + Level 14.3 Shields


You had 15 spell levels left.
You didn't know any spells.

Dungeon Overview and Level Annotations

Branches:
Dungeon (9/15)               Lair (5/6) D:9          Shoals (2/4) Lair:2
  Snake (4/4) Lair:3
 Temple: D:4-7        Slime: Lair:5-6       Orc: D:9-12

Altars:
Dithmenos
Makhleb
Nemelex Xobeh
Qazlal
Xom

Shops:
D:6 %(   D:8 }   Shoals:1 }   Snake:1 %   Snake:3 =[   Snake:4 ?

Annotations:
Lair:2 exclusion: 4 oklob plants
Shoals:2 Nikola, Polyphemus


Innate Abilities, Weirdness & Mutations

You reflexively headbutt those who attack you in melee.
You have a pair of horns on your head.


Message History

The alligator snapping turtle bites you from afar!!
* * * LOW HITPOINT WARNING * * *
The sea snake bites you!
* * * LOW HITPOINT WARNING * * *
Nikola hits you with a rapier of electrocution.
Polyphemus hits you!!
* * * LOW HITPOINT WARNING * * *
Polyphemus hits you but does no damage.
The death yak gores you but does no damage.
The alligator snapping turtle bites you from afar.
* * * LOW HITPOINT WARNING * * *
The sea snake barely misses you. Polyphemus hits you!!
* * * LOW HITPOINT WARNING * * *
Polyphemus hits you!
* * * LOW HITPOINT WARNING * * *
Nikola mumbles some strange words.
You hear a mighty clap of thunder!
The lightning arc hits you!
You die...

≈≈≈≈≈≈..###..# ≈≈≈≈≈≈..#
#### ..?.≈ ≈≈≈≈≈≈..##
....≈ ..≈≈≈≈≈...## ...≈..
#.≈≈≈≈≈≈...# #....
###.≈≈≈≈≈≈≈..#
.##...###...≈≈..≈≈≈..#
.......S†@≈≈≈≈≈≈≈≈≈..#
...≈≈†.C@Y≈≈≈≈≈≈≈≈≈..##
≈≈..≈≈†E≈≈≈>≈≈........###
≈≈≈..≈t≈(≈≈...≈..........
.≈≈≈≈≈≈≈≈≈.#...###.......
..≈≈≈≈≈≈≈≈.##..###.####.≈
..≈≈≈≈≈≈≈≈......##### #..
...≈≈≈≈≈≈≈......>...###..
≈≈≈≈≈≈≈≈≈≈..............≈
≈≈≈≈≈≈≈≈≈≈.....≈.......≈≈


You could see Nikola, Polyphemus, an alligator snapping turtle, a death yak, a
sea snake (petrifying) and a water elemental.

Vanquished Creatures
  Asterion (Snake:1)
  10 nagarajas
  Louise (Shoals:1)
  A frost giant (D:8)
  The ghost of FastMan the Severer, a journeyman MiBe of Trog (Snake:4)
  A fire dragon (D:8)
  A merfolk impaler (Shoals:2)
  An ice dragon (D:8)
  A hydra (Lair:4)
  19 naga warriors
  3 centaur warriors (D:8)
  A merfolk aquamancer (Shoals:2)
  A merfolk avatar (Shoals:1)
  A catoblepas (Lair:3)
  14 anacondas
  8 shock serpents
  8 naga sharpshooters
  Nergalle (Lair:2)
  7 salamander mystics
  11 naga ritualists
  A sea snake (Shoals:2)
  4 lindwurms (Snake:4)
  An orc knight (D:8)
  A harpy (shapeshifter) (D:8)
  12 mana vipers
  A cyclops (D:8)
  5 manticores
  9 salamanders
  6 elephants
  15 fauns
  33 black mambas
  2 merfolk sirens (Shoals:1)
  9 guardian serpents
  A water nymph (Shoals:1)
  16 naga magi
  A gargoyle (D:8)
  3 rime drakes
  A kobold demonologist (D:8)
  9 spiny frogs
  5 komodo dragons
  A polar bear (Lair:1)
  3 merfolk (Shoals:2)
  A queen bee (Lair:2)
  A hornet (Lair:2)
  Grinder (D:4)
  A troll (D:8)
  12 hippogriffs
  A wind drake (Shoals:1)
  4 blink frogs
  3 snapping turtles
  Sigmund (D:2)
  8 wyverns
  A spriggan (D:9)
  3 water elementals
  10 yaks
  2 hungry ghosts
  A steam dragon (D:7)
  A basilisk (D:8)
  37 nagas
  Duvessa (D:4)
  10 water moccasins
  10 porcupines
  An ice beast (D:9)
  3 black bears
  2 orc warriors (D:8)
  3 sky beasts
  3 wolves (Lair:2)
  5 phantoms
  An ogre (D:6)
  5 centaurs
  11 crocodiles
  A big kobold (D:8)
  13 bullfrogs
  Dowan (D:4)
  2 scorpions
  36 killer bees
  2 electric eels (D:9)
  A howler monkey (D:6)
  A centaur zombie (D:8)
  3 crimson imps
  2 bullfrog zombies
  2 bullfrog skeletons (D:6)
  2 centaur skeletons (D:4)
  8 orc wizards
  A quasit (D:9)
  An orc priest (D:7)
  2 hounds (D:9)
  Jessica (D:3)
  Ijyb (D:3)
  4 iguanas
  7 worker ants
  Robin (D:4)
  7 adders
  4 gnolls (D:5)
  A shadow imp (D:8)
  3 oozes
  An adder skeleton (D:3)
  2 worms (D:2)
  2 dart slugs
  5 leopard geckos
  9 orcs
  7 bats
  5 giant cockroaches
  12 goblins
  7 hobgoblins
  9 jackals
  3 quokkas
  5 ball pythons
  A frilled lizard (D:5)
  10 kobolds
  A quokka zombie (D:6)
  3 rats
  7 plants (Shoals:2)
570 creatures vanquished.

Vanquished Creatures (collateral kills)
  A death yak (Shoals:2)
  A sea snake (Shoals:2)
2 creatures vanquished.

Vanquished Creatures (others)
  A catoblepas (Shoals:2)
  A merfolk (Shoals:1)
  A snapping turtle (Shoals:2)
  5 dream sheep (Lair:4)
  An ice beast (D:9)
  A fungus (Lair:4)
10 creatures vanquished.

Grand Total: 582 creatures vanquished

Notes
Turn   | Place    | Note
-------+----------+-------------------------------------------
     0 | D:1      | FastMan the Minotaur Berserker began the quest for the Orb.
     0 | D:1      | Reached XP level 1. HP: 19/19 MP: 0/0
   116 | D:1      | Reached XP level 2. HP: 25/27 MP: 1/1
   596 | D:2      | Reached XP level 3. HP: 33/33 MP: 2/2
   664 | D:2      | Reached ** piety under Trog
   847 | D:2      | Noticed Sigmund
   859 | D:2      | Killed Sigmund
   859 | D:2      | Reached skill level 5 in Fighting
   859 | D:2      | Reached XP level 4. HP: 32/42 MP: 3/3
   859 | D:2      | Reached XP level 5. HP: 36/48 MP: 4/4
  1369 | D:3      | Noticed a centaur
  1377 | D:3      | Noticed Jessica
  1378 | D:3      | Killed a centaur
  1378 | D:3      | Reached XP level 6. HP: 39/56 MP: 5/5
  1381 | D:3      | Killed Jessica
  1423 | D:3      | Noticed Ijyb
  1438 | D:3      | Killed Ijyb
  1818 | D:3      | Found a shimmering altar of Xom.
  1953 | D:4      | Noticed Grinder
  1965 | D:4      | Killed Grinder
  1965 | D:4      | Reached XP level 7. HP: 64/64 MP: 6/6
  2125 | D:4      | Noticed Robin
  2135 | D:4      | Killed Robin
  2194 | D:4      | Noticed Duvessa
  2194 | D:4      | Noticed Dowan
  2207 | D:4      | Killed Duvessa
  2214 | D:4      | Killed Dowan
  2245 | D:5      | Entered Level 5 of the Dungeon
  2246 | D:5      | Found a shadowy altar of Dithmenos.
  2255 | D:5      | Reached *** piety under Trog
  2315 | D:5      | Reached XP level 8. HP: 69/73 MP: 7/7
  2510 | D:5      | Reached skill level 10 in Axes
  2709 | D:6      | Found Vidig's Antique Weapon Shop.
  2745 | D:6      | Found Gyduif's Food Shoppe.
  3142 | D:6      | Found a sand-covered staircase.
  3173 | D:7      | Reached XP level 9. HP: 79/82 MP: 8/8
  3338 | D:7      | Reached **** piety under Trog
  3948 | D:7      | Found a sparkling altar of Nemelex Xobeh.
  3949 | D:7      | Found a burning altar of Makhleb.
  4134 | D:6      | Bought a glowing broad axe for 140 gold pieces
  4384 | D:8      | Reached skill level 10 in Fighting
  4464 | D:8      | Found Kaiquvo's Gadget Emporium.
  4520 | D:8      | Noticed a centaur warrior
  4520 | D:8      | Noticed an orc knight
  4521 | D:8      | Noticed a fire dragon
  4521 | D:8      | Noticed a frost giant
  4523 | D:8      | Noticed a guardian serpent
  4523 | D:8      | Noticed a centaur warrior
  4526 | D:8      | Noticed a centaur warrior
  4528 | D:8      | Killed an orc knight
  4532 | D:8      | Killed a centaur warrior
  4532 | D:8      | Reached XP level 10. HP: 91/94 MP: 9/9
  4542 | D:8      | Killed a fire dragon
  4545 | D:8      | Killed a centaur warrior
  4545 | D:8      | Reached skill level 15 in Axes
  4552 | D:8      | Killed a centaur warrior
  4553 | D:8      | Noticed a harpy
  4554 | D:8      | Noticed a gargoyle
  4556 | D:8      | Killed a harpy
  4559 | D:8      | Killed a gargoyle
  4561 | D:8      | Noticed a cyclops
  4566 | D:8      | Noticed an ice dragon
  4566 | D:8      | Killed a cyclops
  4566 | D:8      | Reached XP level 11. HP: 104/104 MP: 10/10
  4569 | D:8      | Killed a frost giant
  4578 | D:8      | Killed an ice dragon
  4662 | D:8      | Noticed a sixfirhy
  4665 | D:8      | Reached ***** piety under Trog
  5319 | D:9      | Found a stormy altar of Qazlal.
  5412 | D:9      | Found a staircase to the Lair.
  5494 | Lair:1   | Entered Level 1 of the Lair of Beasts
  6674 | Lair:3   | Reached XP level 12. HP: 115/115 MP: 11/11
  7008 | Lair:3   | Noticed a catoblepas
  7027 | Lair:3   | Killed a catoblepas
  7270 | Lair:3   | Found a staircase to the Snake Pit.
  7603 | Lair:3   | Received a gift from Trog
  8336 | Lair:4   | Reached skill level 1 in Shields
  8380 | Lair:4   | Found a shimmering altar of Xom.
  8577 | Lair:4   | Noticed a five-headed hydra
  8618 | Lair:4   | Killed a ten-headed hydra
  8646 | Lair:4   | Identified a +1 pair of boots of running (You found it on level 8 of the Dungeon)
  9342 | Lair:5   | Reached skill level 5 in Armour
  9669 | Lair:2   | Noticed Nergalle
  9681 | Lair:2   | Killed Nergalle
  9681 | Lair:2   | Reached skill level 15 in Fighting
  9681 | Lair:2   | Reached XP level 13. HP: 126/126 MP: 12/12
  9694 | Lair:2   | Reached skill level 5 in Shields
  9811 | Lair:2   | Found a staircase to the Shoals.
 10327 | Snake:1  | Entered Level 1 of the Snake Pit
 10362 | Snake:1  | Identified a scroll of acquirement
 10363 | Snake:1  | Got a pair of bloodstained boots
 10374 | Snake:1  | Identified the +4 pair of boots of Anaesthesia {Int+5 Dex+4} (You acquired it on level 1 of the Snake Pit)
 10669 | Snake:1  | Noticed Asterion
 10671 | Snake:1  | Noticed a balrug
 10686 | Snake:1  | Killed Asterion
 10813 | Snake:1  | Received a gift from Trog
 10900 | Snake:1  | Found Woshaam's Food Shop.
 11259 | Snake:2  | Noticed a nagaraja
 11275 | Snake:2  | Killed a nagaraja
 11385 | Snake:2  | Noticed a nagaraja
 11395 | Snake:2  | Killed a nagaraja
 11502 | Snake:2  | Reached XP level 14. HP: 125/138 MP: 13/13
 11638 | Snake:2  | Reached skill level 10 in Armour
 12378 | Snake:3  | Found a shimmering altar of Xom.
 12452 | Snake:3  | Found Wyfeela's Jewellery Shop.
 12456 | Snake:3  | Found Ymiulef's Armour Shop.
 12460 | Snake:3  | Bought a +4 ring of evasion for 612 gold pieces
 12516 | Snake:3  | Reached skill level 10 in Shields
 12672 | Snake:3  | Noticed a nagaraja
 12680 | Snake:3  | Killed a nagaraja
 12689 | Snake:3  | Received a gift from Trog
 12695 | Snake:3  | Noticed a nagaraja
 12716 | Snake:3  | Killed a nagaraja
 13384 | Snake:4  | Entered Level 4 of the Snake Pit
 13733 | Snake:4  | Found Yxtetubb's Magic Scroll Shoppe.
 13741 | Snake:4  | Bought a scroll of enchant weapon for 105 gold pieces
 13741 | Snake:4  | Bought a scroll of teleportation for 42 gold pieces
 13741 | Snake:4  | Bought a scroll of enchant weapon for 105 gold pieces
 13767 | Snake:4  | Reached XP level 15. HP: 135/148 MP: 14/14
 14545 | Snake:4  | Noticed a nagaraja
 14559 | Snake:4  | Killed a nagaraja
 14866 | Snake:4  | Noticed a nagaraja
 14872 | Snake:4  | Noticed a nagaraja
 14884 | Snake:4  | Received a gift from Trog
 14892 | Snake:4  | Killed a nagaraja
 14902 | Snake:4  | Killed a nagaraja
 14902 | Snake:4  | Reached skill level 5 in Dodging
 15358 | Snake:4  | Noticed a nagaraja
 15358 | Snake:4  | Noticed a nagaraja
 15374 | Snake:4  | Killed a nagaraja
 15378 | Snake:4  | Killed a nagaraja
 15819 | Snake:4  | Noticed a nagaraja
 15836 | Snake:4  | Noticed FastMan's ghost (journeyman MiBe)
 15844 | Snake:4  | Killed a nagaraja
 15855 | Snake:4  | Received a gift from Trog
 16234 | Snake:4  | Reached XP level 16. HP: 131/159 MP: 15/15
 16317 | Snake:4  | Killed FastMan's ghost
 16488 | Snake:4  | Got a serpentine rune of Zot
 16753 | Shoals:1 | Entered Level 1 of the Shoals
 17011 | Shoals:1 | Found Goluel's Gadget Emporium.
 17313 | Shoals:1 | Received a gift from Trog
 17314 | Shoals:1 | Noticed Louise
 17326 | Shoals:1 | Killed Louise
 17728 | Shoals:2 | Noticed Nikola
 17730 | Shoals:2 | Noticed Polyphemus
 17751 | Shoals:2 | HP: 10/240 [Polyphemus (12)]
 17751 | Shoals:2 | HP: 3/240 [Polyphemus (7)]
 17751 | Shoals:2 | Killed from afar by Nikola

Vault maps used:
D:1:      elethiomel_arrival_shortcut
D:2:      first_bread, uniq_sigmund
D:3:      lemuel_coloured_pillars_altar, minmay_shallow_snake_nest, uniq_ijyb,
          uniq_jessica
D:4:      temple_fountains, uniq_pikel, uniq_grinder, uniq_duvessa, uniq_robin
D:5:      nicolae_dithmenos_the_darkroom
D:6:      serial_shops, nicolae_shop_stone, shop, nicolae_ossuary_entry_ruins,
          kennysheep_generic_room_11
D:7:      gammafunk_temple_overflow_statue
D:8:      serial_shops, shop, minmay_the_grid_octo_triangle
D:9:      nicolae_qazlal_eye_of_the_storm, lair_entry_dummy, the_bakery
Lair:2:   hangedman_what_comes_after_a, shoals_dummy_entry, uniq_nergalle
Lair:3:   guppyfry_snake_entry_island, grunt_megastairs_2,
          infiniplex_staircase_pool
Lair:4:   kb_xom_exploding_sheep
Lair:5:   serial_bayou_shore_b
Shoals:1: serial_shops, shop, shop_fountains, uniq_louise
Shoals:2: lightli_airlock, uniq_polyphemus, uniq_nikola
Snake:1:  serial_shops, nicolae_shop_crystal, grunt_megastairs_3, uniq_asterion
Snake:3:  basic_altar, minmay_shop_star
Snake:4:  snake_pit_salamanders_mu, serial_shops, nicolae_shop_waterfront

Skill      XL: |  1  2  3  4  5  6  7  8  9 10 11 12 13 14 15 16 |
---------------+-------------------------------------------------+-----
Axes           | 4 6 7 8 9 11 14 15 17 19 | 19.0
Fighting       | 4 5 6 7 8 10 12 13 15 16 17 18 19 | 19.2
Shields        | 4 8 11 13 14 | 14.3
Armour         | 5 9 12 13 14 | 14.7
Dodging        | 6 8 |  8.5

Action                   |  1- 3 |  4- 6 |  7- 9 | 10-12 | 13-15 | 16-18 || total
-------------------------+-------+-------+-------+-------+-------+-------++-------
Melee: Hand axe          |    79 |    72 |   277 |       |       |       ||   428
       Headbutt          |     8 |    23 |    81 |    93 |   171 |    56 ||   432
       Broad axe         |       |       |    41 |   405 |   725 |   279 ||  1450
Invok: Berserk           |     1 |     2 |     4 |     6 |     9 |     3 ||    25
       Trog's Hand       |       |       |     1 |     3 |     9 |     6 ||    19
       Burn Spellbooks   |       |       |     1 |     1 |       |       ||     2
       Brothers in Arms  |       |       |       |       |       |     2 ||     2
  Use: Scroll            |       |       |    14 |     3 |    14 |     2 ||    33
       Potion            |       |       |       |     3 |     4 |     1 ||     8
 Stab: Fleeing           |       |       |       |     1 |       |       ||     1
       Petrifying        |       |       |       |       |       |     1 ||     1
  Eat: Chunk             |       |     5 |    11 |    17 |     9 |     1 ||    43
       Bread ration      |       |       |     2 |     1 |     3 |       ||     6
       Meat ration       |       |       |       |       |     4 |       ||     4
Armor: Chain mail        |    21 |       |       |       |       |       ||    21
       Fire dragon scale |    22 |    35 |   138 |   199 |   265 |    67 ||   726
Dodge: Dodged            |    40 |    44 |   130 |   141 |   194 |   100 ||   649
Block: Large shield      |       |       |       |    93 |   788 |   279 ||  1160
